 Dungeon Crawl Stone Soup version 0.27.1 (webtiles) character file.

Game seed: 4746302257636442485

49 Descartes the Digger (level 3, 0/21 HPs)
             Began as a Deep Elf Wanderer on Sept 4, 2021.
             Succumbed to an adder's poison
             ... on level 2 of the Dungeon.
             The game lasted 00:04:06 (2452 turns).

Descartes the Digger (Deep Elf Wanderer)            Turns: 2452, Time: 00:04:06

Health: 0/21       AC:  3    Str:  8 (10) XL:     3   Next: 53%
Magic:  8/8        EV: 11    Int: 15 (16) God:
Gold:   52         SH:  0    Dex: 19 (20) Spells: 4/6 levels left

rFire    . . .     SeeInvis .   a - +0 hand axe
rCold    + . .     Faith    .   (no shield)
rNeg     . . .     Spirit   .   i - +0 leather armour
rPois    .         Reflect  .   (no helmet)
rElec    .         Harm     .   (no cloak)
rCorr    .         Rampage  .   (no gloves)
Will     .....                  (no boots)
Stlth    ++........             (no amulet)
HPRegen  0.07/turn              c - +6 ring of dexterity
MPRegen  0.11/turn              h - ring of protection from cold

@: lethally poisoned (0 -> -7)
A: no striking features
a: no special abilities


You were on level 2 of the Dungeon.
You visited 1 branch of the dungeon, and saw 2 of its levels.

You collected 52 gold pieces.

Inventory:

Hand Weapons
 a - a +0 hand axe (weapon)
Missiles
 b - 12 bolts
 e - 47 sling bullets
 k - 18 arrows
Armour
 i - a +0 leather armour (worn)
Jewellery
 c - a +6 ring of dexterity (left hand)
 h - a ring of protection from cold (right hand)
Scrolls
 d - a scroll of enchant weapon {unknown}
 f - a scroll of noise {unknown}
 g - a scroll of teleportation {unknown}


   Skills:
 + Level 1.8 Fighting
 - Level 1.0 Axes
 - Level 1.0 Throwing
 - Level 2.0 Armour
 + Level 1.4 Dodging
 + Level 1.4 Stealth
 + Level 2.2 Spellcasting
 + Level 2.5 Earth Magic
 + Level 1.5 Evocations


You had 4 spell levels left.
You knew the following spells:

 Your Spells              Type           Power      Damage    Failure   Level
a - Sandblast             Erth           18%        2d7       11%         1
b - Pain                  Necr           4%         1d4       30%         1

Your spell library contained the following spells:

 Spells                   Type           Power      Damage    Failure   Level
 Passwall                 Tmut/Erth      4%         N/A       28%         2
 Summon Small Mammal      Summ           4%         N/A       30%         1
 Stone Arrow              Conj/Erth      10%        3d7       50%         3
 Call Canine Familiar     Summ           1%         N/A       67%         3
 Summon Guardian Golem    Hex/Summ       1%         N/A       67%         3
 Vampiric Draining        Necr           0%         2d6       67%         3
 Petrify                  Tmut/Erth      5%         N/A       88%         4


Dungeon Overview and Level Annotations

Branches:
Dungeon (2/15)

Altars:


Message History

The adder is moderately wounded.
The adder bites you. The adder misses you.
You hit the adder.
The adder is severely wounded.
The adder bites you but does no damage. The adder barely misses you.
You miss the adder.
The adder is heavily wounded.
The adder barely misses you.
You barely miss the adder.
The adder is heavily wounded.
The adder bites you but does no damage. The adder closely misses you.
You closely miss the adder.
The adder is heavily wounded.
The adder misses you.
You hit the adder but do no damage.
The adder is heavily wounded.
The adder closely misses you. The adder bites you.
You hit the adder.
The adder is almost dead.
The adder bites you.
You are poisoned.
The adder poisons you! The adder bites you.
You are lethally poisoned!
The adder poisons you!
You closely miss the adder.
The adder is almost dead.
* * * LOW HITPOINT WARNING * * *
You feel very sick. The adder bites you.
* * * LOW HITPOINT WARNING * * *
You closely miss the adder.
The adder is almost dead.
* * * LOW HITPOINT WARNING * * *
You feel very sick. The adder closely misses you.
The adder bites you but does no damage.
Unknown command.
It was a potion of degeneration.
There was something very wrong with that liquid.
You feel weakened.
You feel dopey.
You feel clumsy.
You die...

... #..#.##...# ...
#..#.##.#.# ...
#..#.....<#
...###..####.###
...#.........#
.....#>.############
..†......÷.........#
.........#######.###
########## #@#
.......S# #######.#
#.# #.# ###


You could see an adder.

Vanquished Creatures
  A worm (D:2)
  3 dart slugs
  4 ball pythons
  3 bats
  3 endoplasms
  2 giant cockroaches
  5 goblins
  3 hobgoblins (D:1)
  6 jackals (D:2)
  A kobold (D:1)
  2 rats
33 creatures vanquished.

Notes
Turn   | Place    | Note
-------+----------+-------------------------------------------
     0 | D:1      | Descartes the Deep Elf Wanderer began the quest for the
                  | Orb.
     0 | D:1      | Descartes set off with the following items: a +0 hand axe,
                  | a +0 robe; and the following spells available to memorise:
                  | Sandblast, Pain, Passwall, Stone Arrow, Vampiric Draining,
                  | Petrify
     0 | D:1      | Reached XP level 1. HP: 12/12 MP: 5/5
     2 | D:1      | Learned a level 1 spell: Sandblast
     4 | D:1      | Learned a level 1 spell: Pain
   476 | D:1      | Reached XP level 2. HP: 16/16 MP: 6/6
   882 | D:1      | Reached skill level 1 in Stealth
  1322 | D:1      | Reached skill level 1 in Dodging
  1665 | D:2      | Reached XP level 3. HP: 21/21 MP: 5/7
  2451 | D:2      | HP: 1/21 [poisoned by an adder]
  2452 | D:2      | Succumbed to an adder's poison

Illustrated notes

Levels and vault maps discovered:
D:1:      lightli_arrival_farm, layout_basic, chequers_serial_rivers_micro_e,
          serial_park_tiny_2, hangedman_decor_peaks_small, minmay_pentomino_v4
D:2:      layout_basic

Skill      XL: |  1  2  3 |
---------------+----------+-----
Stealth        | 1 |  1.4
Dodging        | 1 |  1.4
Spellcasting   | 2 |  2.2
Armour         | 2 |  2.0
Fighting       | |  1.8
Axes           | |  1.0
Throwing       | |  1.0
Earth Magic    | |  2.5
Evocations     | |  1.5

Action                   || total
-------------------------++-------
Melee: Hand axe          ||   109
 Cast: Sandblast         ||    13
  Use: Potion            ||     1
 Stab: Sleeping          ||     2
Armor: Robe              ||     9
       Leather armour    ||    25
Dodge: Dodged            ||    80
